 Dungeon Crawl Stone Soup version 0.16.2-2-g470672f (webtiles) character file.

212846 SirRandom the Severer (level 19, -14/159 HPs)
             Began as a Formicid Fighter on Aug 30, 2015.
             Was a High Priest of Cheibriados.
             Killed from afar by a deep elf conjurer (34 damage)
             ... with a bolt of fire
             ... on level 1 of the Elven Halls on Aug 31, 2015.
             The game lasted 03:27:55 (33148 turns).

SirRandom the Severer (Formicid Fighter)           Turns: 33148, Time: 03:27:55

Health: -14/159    AC: 24    Str: 44      XL:     19   Next: 66%
Magic:  2/33       EV:  8    Int: 22 (23) God:    Cheibriados [*****.]
Gold:   3683       SH: 25    Dex: 26      Spells: 1 memorised, 19 levels left

rFire  . . .     SeeInvis +     c - +5 executioner's axe (venom)
rCold  . . .     Clarity  .     J - +0 plate armour
rNeg   . . .     SustAb   .     E - +0 large shield
rPois  .         Gourm    .     (helmet unavailable)
rElec  .         Spirit   .     L - +0 cloak
rCorr  .         Warding  .     D - +2 pair of gloves "Twuele" {SInv}
rMut   .         Stasis   +     l - +1 pair of boots
MR     ++...                    s - amulet of regeneration
Stlth  ..........               T - ring of protection from magic
                                j - +5 ring of slaying

@: lethally poisoned (-14 -> -36), drained, very slow, very resistant to hostile
enchantments, extremely unstealthy
A: permanent stasis, dig shafts and tunnels, four strong arms, antennae 3,
talons 1, thin skeletal structure 1, strong 1
a: Dig, Shaft Self, Bend Time, Temporal Distortion, Slouch, Step From Time,
Renounce Religion
}: 1/15 runes: barnacled


You were on level 1 of the Elven Halls.
You worshipped Cheibriados.
Cheibriados was extremely pleased with you.
You were hungry.

You visited 7 branches of the dungeon, and saw 35 of its levels.
You visited 1 bazaar.
You also visited: Sewer, Ice Cave and Volcano.

You collected 3983 gold pieces.
You spent 300 gold pieces at shops.

Inventory:

Hand weapons
 c - a +5 executioner's axe of venom (weapon)
 k - a +0 scimitar of flaming
 I - a +1 battleaxe of freezing
Armour
 l - a +1 pair of boots (worn)
 D - the +2 pair of gloves "Twuele" (worn) {SInv}
   (You found it on level 5 of the Lair of Beasts)

   It enhances your eyesight.
 E - a +0 large shield (worn)
 J - a +0 plate armour (worn)
 L - a +0 cloak (worn)
Jewellery
 g - an uncursed ring of ice
 j - a +5 ring of slaying (left hand)
 s - an amulet of regeneration (around neck)
 u - an uncursed ring of flight
 R - a +4 ring of slaying
 T - a ring of protection from magic (right hand)
Magical devices
 e - a wand of cold (5)
 z - a wand of cold (15)
 X - a wand of heal wounds (1)
Scrolls
 b - 10 scrolls of remove curse
 f - 16 scrolls of identify
 i - 6 scrolls of fear
 o - 8 scrolls of magic mapping
Potions
 n - 2 potions of resistance
 p - a potion of heal wounds
 t - 5 potions of curing
 U - 2 potions of might
Comestibles
 a - 2 meat rations
 d - 16 bread rations
 h - a slice of pizza
 B - 5 beef jerkies


   Skills:
 - Level 16.4(14.9) Fighting
 + Level 18.8(17.3) Axes
 + Level 15.3(13.9) Armour
 - Level 15.0(13.5) Shields
 - Level 3.3(2.2) Spellcasting
 + Level 4.8(3.7) Hexes
 - Level 11.0(9.7) Invocations
 - Level 9.1(7.9) Evocations


You had 19 spell levels left.
You knew the following spells:

 Your Spells              Type           Power        Failure   Level  Hunger
a - Gell's Gravitas       Hex/Tloc       ##........   100%        5    ######.


Dungeon Overview and Level Annotations

Branches:
Dungeon (15/15)            Temple (1/1) D:4            Lair (8/8) D:11
 Shoals (5/5) Lair:3        Snake (0/5) Lair:6        Slime (0/6) Lair:7
    Orc (4/4) D:9             Elf (1/3) Orc:4        Vaults (1/5) D:14
 Depths (0/5) D:15

Altars:
Ashenzari
Cheibriados
Dithmenos
Elyvilon
Fedhas
Gozag
Kikubaaqudgha
Makhleb
Nemelex Xobeh
Okawaru
Qazlal
Ru
Sif Muna
Trog
Vehumet
Xom
Yredelemnul
Zin
The Shining One

Shops:
D:4 ?   D:5 :   D:10 [   D:14 }   Orc:4 ?[*:   Shoals:1 ?   Vaults:1 *

Portals:
Bazaar: D:13

Annotations:
D:15 Fannar
Shoals:5 exclusion: Roxanne, Roxanne


Innate Abilities, Weirdness & Mutations

You are under a permanent stasis effect.
You can dig through walls and to a lower floor.
Your four strong arms can wield two-handed weapons with a shield.
You have a pair of large antennae on your head (SInv).
You have sharp toenails.
You have a somewhat thin skeletal structure (Dex +2, Stealth).
Your muscles are strong. (Str +2)


Message History

The demonic crawler hits you but does no damage.
The demonic crawler closely misses you.
You block the deep elf summoner's attack.
The deep elf summoner mumbles some strange words.
The jumping spider leaps!
You block the hell rat's attack. You block the hell rat's attack.
Press: ? - help, v - describe, . - travel, g - get item
Here: a deep elf conjurer, wielding a long sword (purple smoke, heavily wounded)
A short sword.
There is something else lying underneath.
A huge open gate, spattered with blood.
* * * LOW HITPOINT WARNING * * *
You feel very sick.
You block the demonic crawler's attack. x2
The demonic crawler closely misses you.
The jumping spider leaps!
The hell rat bites you but does no damage.
The deep elf conjurer gestures at you while chanting.
The bolt of fire hits the demonic crawler.
The demonic crawler resists.
The bolt of fire hits you!
You die...

##...#.###
#.......e##
.........§#
.....))?#.#####
#..e§...§..r..#
##.{..)#.r..8.######
#.5####....sers§s.##
#.$ #.r.eerrrs...#
.. #..sess(s@...# #
#$...s)err...#
#......'....##
#....8.######
#......# ##.#####
#.#


You could see 4 demonic crawlers, 4 deep elf summoners, a deep elf conjurer, 3
jumping spiders, a tarantella, a redback and 9 hell rats.

Vanquished Creatures
  Polyphemus (Shoals:5)
  2 krakens (Shoals:5)
  Rupert (Shoals:5)
  The ghost of SirRandom the Severer, a mighty HOFi of Zin (Shoals:1)
  Ilsuiw (Shoals:5)
  Maud (Lair:7)
  3 vault wardens (Vaults:1)
  Aizul (Shoals:4)
  Gastronok (Lair:2)
  Jorgrun (Shoals:4)
  An ironheart preserver (Vaults:1)
  A stone giant (Shoals:2)
  A very ugly thing (Vaults:1)
  A deep elf demonologist (Elf:1)
  Azrael (D:14)
  An ettin (Orc:4)
  5 merfolk javelineers
  9 merfolk impalers
  Josephine (Orc:4)
  A yaktaur captain (Vaults:1)
  4 vault guards
  A fire dragon (Lair:8)
  A great orb of eyes (Vaults:1)
  A rakshasa (Vaults:1)
  5 hydras
  An ice dragon (Lair:8)
  A merfolk avatar (Shoals:5)
  3 satyrs
  3 centaur warriors
  3 alligator snapping turtles
  5 merfolk aquamancers (Shoals:5)
  2 catoblepae
  An orc high priest (Orc:4)
  4 death yaks (Shoals:5)
  3 ogre magi (Vaults:1)
  Urug (Orc:4)
  Nergalle (Lair:2)
  Erolcha (D:8)
  5 skeletal warriors
  A fire crab (Vaults:1)
  A fire crab (shapeshifter) (Vaults:1)
  A flayed ghost (Vaults:1)
  4 deep trolls (Vaults:1)
  6 unseen horrors
  2 deep elf summoners (Elf:1)
  12 sea snakes
  2 lindwurms
  A giant orange brain (Vaults:1)
  An ice statue (D:13)
  6 ironbrand convokers (Vaults:1)
  A necromancer (Vaults:1)
  2 wizards (Vaults:1)
  Pikel (D:4)
  An orc knight (Orc:2)
  9 harpies
  10 hill giants
  An ugly thing zombie (D:15)
  A deep elf conjurer (Elf:1)
  9 griffons
  14 cyclopes
  8 manticores
  7 orc sorcerers
  14 fauns
  7 sirens
  14 water nymphs
  A wolf spider (Vaults:1)
  28 ugly things
  4 centaur zombies
  A molten gargoyle (Volcano)
  3 black mambas
  2 vault sentinels (Vaults:1)
  11 elephants
  5 torpor snails (Lair:8)
  5 gargoyles
  9 komodo dragons
  11 spiny frogs
  A queen ant (Lair:3)
  An eye of devastation (Lair:7)
  An efreet (D:15)
  6 fire drakes
  4 kobold demonologists
  5 yaktaurs
  A deep elf priest (Elf:1)
  3 jumping spiders (Elf:1)
  10 freezing wraiths (IceCv)
  2 giant leeches (Lair:8)
  Sonja (Orc:4)
  47 merfolk
  A jumping spider (shapeshifter) (Vaults:1)
  7 trolls
  A blue devil (Elf:1)
  2 wind drakes
  16 blink frogs
  19 slime creatures
  A two-headed ogre (shapeshifter) (D:15)
  9 two-headed ogres
  A boulder beetle (Vaults:1)
  6 basilisks
  5 snapping turtles
  A spriggan (D:7)
  9 redbacks
  A shadow (D:11)
  42 yaks
  11 water elementals
  5 wraiths
  A trapdoor spider (D:14)
  2 tarantellas (Elf:1)
  7 fire elementals (D:14)
  A hill giant zombie (D:9)
  12 hippogriffs
  Eustachio (D:5)
  A deep elf mage (Elf:1)
  6 fire bats (Volcano)
  2 wyverns
  4 steam dragons (Lair:8)
  3 deep elf fighters (Elf:1)
  3 hungry ghosts
  15 vampire mosquitoes
  5 wargs
  10 wolves
  4 mottled dragons
  8 soldier ants (Lair:3)
  3 nagas (Lair:6)
  20 water moccasins
  9 porcupines
  6 sky beasts
  The ghost of dvd the Sneak, an average SpEn (D:4)
  14 ice beasts
  21 orc warriors
  3 wasps (Lair:8)
  A swamp drake (Lair:8)
  2 phantoms
  26 crocodiles
  3 eyes of draining
  3 necrophages
  18 centaurs
  19 ogres
  2 big kobolds
  Duvessa (D:4)
  A wyvern zombie (D:14)
  5 brain worms
  A water moccasin zombie (D:11)
  A giant frog (shapeshifter) (Vaults:1)
  25 giant frogs
  An elf zombie (Vaults:1)
  An elephant simulacrum (IceCv)
  23 killer bees
  6 scorpions
  An electric eel (Lair:7)
  A quasit (D:15)
  A wasp zombie (D:11)
  Dowan (D:4)
  9 crimson imps
  3 draconian simulacra (IceCv)
  A giant frog zombie (D:10)
  2 lava snakes (Volcano)
  14 hounds
  3 jellies
  26 orc priests
  43 orc wizards
  3 giant frog skeletons
  5 centaur skeletons
  2 wolf simulacra (IceCv)
  A spriggan simulacrum (IceCv)
  A polar bear simulacrum (IceCv)
  14 iguanas
  A troll simulacrum (IceCv)
  A boulder beetle simulacrum (Vaults:1)
  24 worker ants
  A killer bee zombie (D:7)
  22 sheep
  7 ogre zombies (D:9)
  Ijyb (D:3)
  5 centaur simulacra (IceCv)
  Terence (D:3)
  45 river rats
  3 naga simulacra (IceCv)
  2 ogre simulacra (IceCv)
  14 adders
  3 shadow imps
  6 giant mites
  25 white imps
  20 worms
  7 ufetubi (Elf:1)
  11 giant geckos
  181 orcs
  11 bats
  21 hobgoblins
  3 jackals (D:4)
  15 quokkas
  5 ball pythons
  11 giant cockroaches
  A giant gecko skeleton (D:9)
  6 giant newts
  2 giant spores
  2 gnoll zombies (D:8)
  25 goblins
  2 goblin skeletons (D:9)
  2 goblin zombies (D:9)
  A hobgoblin skeleton (D:9)
  2 hobgoblin zombies (D:9)
  A jackal skeleton (D:5)
  22 kobolds
  4 orc skeletons
  19 orc zombies
  16 rats
  5 spectral orcs (Lair:2)
  4 ballistomycetes
  9 fungi
  29 plants
  5 tentacles (Shoals:5)
1551 creatures vanquished.

Vanquished Creatures (others)
  A necromancer (IceCv)
  A two-headed ogre (Vaults:1)
  An ice beast (IceCv)
  A slave (D:5)
  A giant frog (D:11)
  A centaur skeleton (D:5)
  2 sheep (Lair:8)
  A naga simulacrum (IceCv)
  4 ogre simulacra (IceCv)
  An ufetubus (Elf:1)
  A quokka (D:5)
  A giant newt (D:5)
  2 giant spores
  31 fungi
  36 plants
  13 tentacles (Shoals:5)
  576 tentacle segments (Shoals:5)
674 creatures vanquished.

Grand Total: 2225 creatures vanquished

Notes
Turn   | Place    | Note
--------------------------------------------------------------
     0 | D:1      | SirRandom, the Formicid Fighter, began the quest for the Orb.
     0 | D:1      | Reached XP level 1. HP: 18/18 MP: 1/1
   118 | D:1      | Reached XP level 2. HP: 22/24 MP: 3/3
   647 | D:2      | Found a radiant altar of Vehumet.
   665 | D:2      | Found a glowing silver altar of Zin.
   666 | D:2      | Found an opulent altar of Gozag.
   669 | D:2      | Reached XP level 3. HP: 29/29 MP: 4/4
   748 | D:2      | Found a glowing golden altar of the Shining One.
   769 | D:2      | Found a sacrificial altar of Ru.
   793 | D:2      | Reached skill level 4 in Shields
  1290 | D:3      | Noticed Ijyb
  1300 | D:3      | Killed Ijyb
  1300 | D:3      | Reached XP level 4. HP: 35/35 MP: 5/5
  1585 | D:3      | Noticed a giant frog
  1591 | D:3      | Reached XP level 5. HP: 41/41 MP: 7/7
  1593 | D:3      | Killed a giant frog
  1838 | D:3      | Noticed Terence
  1848 | D:3      | Killed Terence
  1848 | D:3      | Reached skill level 5 in Axes
  2134 | D:4      | Noticed Duvessa
  2134 | D:4      | Noticed dvd's ghost (average SpEn)
  2137 | D:4      | Noticed Dowan
  2172 | D:4      | Reached XP level 6. HP: 45/47 MP: 8/8
  2184 | D:4      | Reached skill level 5 in Shields
  2208 | D:4      | Found a staircase to the Ecumenical Temple.
  2217 | Temple   | Entered the Ecumenical Temple
  2354 | Temple   | Became a worshipper of Cheibriados the Contemplative
  2514 | D:4      | Found Froon's Magic Scroll Shoppe.
  2625 | D:4      | Killed dvd's ghost
  2625 | D:4      | Reached skill level 6 in Axes
  2625 | D:4      | Reached XP level 7. HP: 49/52 MP: 9/9
  2639 | D:4      | Killed Dowan
  2642 | D:4      | Killed Duvessa
  2655 | D:4      | Acquired Cheibriados' first power
  2985 | D:5      | Entered Level 5 of the Dungeon
  2985 | D:5      | Noticed Pikel
  3004 | D:4      | Killed Pikel
  3004 | D:4      | Reached skill level 7 in Axes
  3004 | D:4      | Reached XP level 8. HP: 23/58 MP: 11/11
  3149 | D:5      | Reached skill level 8 in Axes
  3355 | D:5      | Reached skill level 9 in Axes
  3355 | D:5      | Reached XP level 9. HP: 60/64 MP: 12/12
  3374 | D:5      | Noticed Eustachio
  3384 | D:5      | Killed Eustachio
  3404 | D:5      | Found a stormy altar of Qazlal.
  3534 | D:5      | Found a bloodstained altar of Trog.
  3860 | D:5      | Found Laururrusie's Book Shop.
  4107 | D:6      | Found a glowing drain.
  4132 | Sewer    | Entered a sewer
  4392 | Sewer    | Reached skill level 10 in Axes
  4432 | D:6      | Acquired Cheibriados' second power
  5549 | D:7      | Reached XP level 10. HP: 70/70 MP: 13/13
  5565 | D:7      | Reached skill level 11 in Axes
  5835 | D:7      | Reached skill level 10 in Shields
  5922 | D:7      | Acquired Cheibriados' third power
  6293 | D:8      | Found an iron altar of Okawaru.
  6330 | D:8      | Acquired Cheibriados' fourth power
  6564 | D:8      | Noticed Erolcha
  6575 | D:8      | Killed Erolcha
  6575 | D:8      | Reached skill level 12 in Axes
  6823 | D:8      | Found a basalt altar of Yredelemnul.
  6948 | D:9      | Reached skill level 5 in Armour
  6969 | D:9      | Reached skill level 5 in Fighting
  6974 | D:9      | Reached XP level 11. HP: 79/79 MP: 15/15
  7080 | D:9      | Found a staircase to the Orcish Mines.
  7297 | D:9      | Found a glowing golden altar of the Shining One.
  8099 | D:10     | Entered Level 10 of the Dungeon
  8118 | D:10     | Reached skill level 1 in Invocations
  8178 | D:10     | Noticed a hill giant
  8180 | D:10     | Noticed a hill giant
  8184 | D:10     | Killed a hill giant
  8192 | D:10     | Killed a hill giant
  8192 | D:10     | Reached skill level 13 in Axes
  8235 | D:10     | Found Thoets' Armour Emporium.
  8790 | D:11     | Noticed an unseen horror
  8791 | D:11     | Killed an unseen horror
  8798 | D:11     | Reached XP level 12. HP: 91/91 MP: 17/22
  8841 | D:11     | Reached skill level 5 in Invocations
  9101 | D:11     | Found a shimmering altar of Xom.
  9318 | D:11     | Found a staircase to the Lair.
 10620 | D:13     | Reached XP level 13. HP: 90/100 MP: 26/26
 10653 | D:13     | Reached skill level 14 in Axes
 11115 | D:13     | Found a burning altar of Makhleb.
 11442 | D:13     | Found a gateway to a bazaar.
 11681 | D:14     | Reached skill level 10 in Armour
 11693 | D:14     | Reached skill level 10 in Fighting
 12116 | D:15     | Entered Level 15 of the Dungeon
 12167 | D:15     | Found a flickering gateway to a bazaar.
 12171 | Bazaar   | Entered a bazaar
 12173 | Bazaar   | Found Gruoguhy's Antique Armour Boutique.
 12176 | Bazaar   | Found Dasiru's Antique Weapon Boutique.
 12177 | Bazaar   | Found Toerec's Antique Armour Boutique.
 12177 | Bazaar   | Found Olusera's Weapon Boutique.
 12339 | D:14     | Noticed a vault guard
 12343 | D:14     | Killed a vault guard
 12343 | D:14     | Reached skill level 10 in Invocations
 12343 | D:14     | Reached XP level 14. HP: 106/111 MP: 29/29
 12357 | D:14     | Found a gate to the Vaults.
 12659 | D:14     | Found Matapt's Gadget Boutique.
 12944 | D:15     | Reached skill level 15 in Axes
 13383 | D:15     | Noticed Fannar
 13583 | Lair:1   | Entered Level 1 of the Lair of Beasts
 13650 | Lair:1   | Found a frozen archway.
 13675 | IceCv    | Entered an ice cave
 13757 | IceCv    | HP: 5/114 [freezing wraith (2)]
 14164 | IceCv    | Found an ancient bone altar of Kikubaaqudgha.
 15165 | Lair:2   | Noticed Gastronok
 15190 | Lair:2   | Killed Gastronok
 15190 | Lair:2   | Reached XP level 15. HP: 61/120 MP: 30/30
 15471 | Lair:2   | Found a dark tunnel.
 15478 | Volcano  | Entered a volcano
 15646 | Volcano  | Found a radiant altar of Vehumet.
 15913 | Lair:2   | Gained mutation: You have a somewhat thin skeletal structure (Dex +2, Stealth). [potion of mutation]
 15913 | Lair:2   | Gained mutation: Your muscles are strong. (Str +2) [potion of mutation]
 15913 | Lair:2   | Gained mutation: You have sharp toenails. [potion of mutation]
 16101 | Lair:2   | Noticed Nergalle
 16111 | Lair:2   | Killed Nergalle
 16686 | Lair:3   | Found a staircase to the Shoals.
 16873 | Lair:3   | Found a staircase to the Swamp.
 18244 | Lair:5   | Got a pair of smoking gloves
 18255 | Lair:5   | Identified the +2 pair of gloves "Twuele" {SInv} (You found it on level 5 of the Lair of Beasts)
 18918 | Lair:6   | Found a staircase to the Snake Pit.
 19029 | Lair:6   | You fall through a shaft!
 19152 | Lair:7   | Noticed Maud
 19164 | Lair:7   | Killed Maud
 19193 | Lair:7   | Reached skill level 15 in Shields
 19225 | Lair:7   | Reached skill level 16 in Axes
 19273 | Lair:7   | Found a staircase to the Slime Pits.
 19476 | Lair:7   | Reached XP level 16. HP: 130/130 MP: 31/31
 19861 | Lair:8   | Entered Level 8 of the Lair of Beasts
 20259 | Lair:8   | Found a runed door.
 22357 | Orc:1    | Entered Level 1 of the Orcish Mines
 23785 | Orc:4    | Entered Level 4 of the Orcish Mines
 23926 | Orc:4    | Found Bomau's Armour Shoppe.
 23926 | Orc:4    | Found Bucwoonn's Book Emporium.
 23926 | Orc:4    | Found Keomeg's General Store.
 23939 | Orc:4    | Found Psejer's Magic Scroll Shoppe.
 24131 | Orc:4    | Noticed Sonja
 24140 | Orc:4    | Killed Sonja
 24213 | Orc:4    | Noticed Urug
 24222 | Orc:4    | Killed Urug
 24298 | Orc:4    | Noticed Josephine
 24305 | Orc:4    | Killed Josephine
 24462 | Orc:4    | Found a staircase to the Elven Halls.
 25344 | D:15     | Found a staircase to the Depths.
 25613 | D:15     | Reached skill level 17 in Axes
 25978 | Shoals:1 | Entered Level 1 of the Shoals
 26017 | Shoals:1 | Reached skill level 1 in Evocations
 26017 | Shoals:1 | Reached XP level 17. HP: 124/140 MP: 32/32
 26284 | Shoals:1 | Noticed SirRandom's ghost (mighty HOFi)
 26304 | Shoals:1 | Killed SirRandom's ghost
 26336 | Shoals:1 | Found Goawos' Magic Scroll Emporium.
 26353 | Shoals:1 | Reached skill level 5 in Evocations
 26833 | Shoals:2 | Was placed under penance by Cheibriados
 26837 | Shoals:2 | Was forgiven by Cheibriados
 28630 | Shoals:4 | Noticed Jorgrun
 28642 | Shoals:4 | Killed Jorgrun
 28808 | Shoals:4 | Reached skill level 15 in Fighting
 29252 | Shoals:5 | Entered Level 5 of the Shoals
 29254 | Shoals:5 | Noticed Ilsuiw
 29264 | Shoals:5 | Reached XP level 18. HP: 134/149 MP: 32/32
 29399 | Shoals:5 | Killed Ilsuiw
 29584 | Shoals:5 | Noticed Aizul
 29597 | Shoals:4 | Killed Aizul
 29616 | Shoals:5 | Noticed Rupert
 29620 | Shoals:5 | Killed Rupert
 29791 | Shoals:5 | Noticed Polyphemus
 29849 | Shoals:5 | Killed Polyphemus
 30185 | Shoals:5 | Reached skill level 18 in Axes
 30322 | Shoals:5 | Noticed Roxanne
 30570 | Shoals:5 | Got a barnacled rune of Zot
 31087 | Lair:1   | Learned a level 5 spell: Gell's Gravitas
 31248 | Vaults:1 | Entered Level 1 of the Vaults
 31356 | D:14     | Noticed Azrael
 31362 | D:14     | Killed Azrael
 31750 | Vaults:1 | Reached XP level 19. HP: 123/159 MP: 33/33
 31939 | Vaults:1 | Reached skill level 1 in Spellcasting
 32225 | Vaults:1 | Reached skill level 1 in Hexes
 32245 | Vaults:1 | Reached skill level 15 in Armour
 32280 | Vaults:1 | Found Pnuaba's General Store.
 32320 | Vaults:1 | Bought a scroll of brand weapon for 300 gold pieces
 33109 | Elf:1    | Entered Level 1 of the Elven Halls
 33134 | Elf:1    | Noticed a Brimstone Fiend
 33148 | Elf:1    | Killed from afar by a deep elf conjurer

Action                   |  1- 3 |  4- 6 |  7- 9 | 10-12 | 13-15 | 16-18 | 19-21 || total
-------------------------+-------+-------+-------+-------+-------+-------+-------++-------
Melee: War axe           |    93 |   167 |   321 |       |       |       |       ||   581
       Battleaxe         |       |       |    43 |   631 |   920 |  1256 |   180 ||  3030
       Scimitar          |       |       |       |       |    19 |     7 |       ||    26
       Executioner's axe |       |       |       |       |       |       |    16 ||    16
Invok: Slouch            |       |       |       |     1 |    10 |     4 |     1 ||    16
       Temporal Distorti |       |       |       |       |    16 |    16 |     4 ||    36
       Bend Time         |       |       |       |       |     1 |    18 |       ||    19
       Step From Time    |       |       |       |       |     1 |     3 |     1 ||     5
 Abil: Dig               |     4 |       |     2 |     7 |    27 |    38 |     1 ||    79
       Evoke Flight      |       |       |       |       |       |    53 |       ||    53
       Stop Flying       |       |       |       |       |       |     7 |       ||     7
Evoke: Wand              |       |       |       |       |       |     2 |     4 ||     6
  Use: Scroll            |       |       |    12 |     2 |    12 |       |     6 ||    32
       Potion            |       |       |       |     1 |    15 |    11 |       ||    27
 Stab: Petrified         |       |       |       |       |       |     5 |       ||     5
       Fleeing           |       |       |       |       |       |     1 |       ||     1
       Petrifying        |       |       |       |       |       |     1 |       ||     1
  Eat: Chunk             |     1 |     6 |     8 |    13 |    27 |    45 |     5 ||   105
       Royal jelly       |       |       |       |     1 |       |     1 |       ||     2
       Pizza             |       |       |       |       |     2 |     2 |       ||     4
       Bread ration      |       |       |       |       |     1 |     1 |       ||     2
       Fruit             |       |       |       |       |     1 |       |       ||     1
